 Dungeon Crawl Stone Soup version 0.16.2-12-gd0ad4c3 (webtiles) character file.

87 happy2pester the Cudgeler (level 4, -1/37 HPs)
             Began as a Hill Orc Gladiator on Nov 1, 2015.
             Slain by a gnoll
             ... wielding a +0 spear
              (6 damage)
             ... on level 3 of the Dungeon.
             The game lasted 00:15:44 (1620 turns).

happy2pester the Cudgeler (Hill Orc Gladiator)      Turns: 1620, Time: 00:15:44

Health: -1/37      AC:  4    Str: 19    XL:     4   Next: 51%
Magic:  4/4        EV: 12    Int:  8    God:
Gold:   98         SH:  0    Dex: 12    Spells: 0 memorised, 3 levels left

rFire  + . .     SeeInvis .     a - +0 flail
rCold  . . .     Clarity  .     b - +0 leather armour
rNeg   . . .     SustAb   .     (no shield)
rPois  .         Gourm    .     c - +0 helmet
rElec  .         Spirit   .     (no cloak)
rCorr  .         Warding  .     (no gloves)
rMut   .         Stasis   .     (no boots)
MR     .....                    (no amulet)
Stlth  +.........               k - ring of protection from fire
                                m - +2 ring of strength

@: not resistant to hostile enchantments, very unstealthy
A: no striking features
a: no special abilities


You were on level 3 of the Dungeon.
You were not hungry.

You visited 1 branch of the dungeon, and saw 3 of its levels.

You collected 98 gold pieces.

Inventory:

Hand weapons
 a - a +0 flail (weapon)
Missiles
 d - 2 throwing nets (quivered)
Armour
 b - a +0 leather armour (worn)
 c - a +0 helmet (worn)
Jewellery
 i - an uncursed ring of fire
 k - a ring of protection from fire (right hand)
 m - a +2 ring of strength (left hand)
Magical devices
 p - a wand of random effects (24)
Scrolls
 e - 3 scrolls of remove curse
 g - 2 scrolls of blinking
 h - a scroll of teleportation
Potions
 o - a potion of curing
Comestibles
 f - a meat ration
 l - a bread ration
 n - 2 fruits


   Skills:
 + Level 2.8 Fighting
 + Level 4.1 Maces & Flails
 + Level 2.5 Throwing
 + Level 1.3 Armour
 + Level 3.0 Dodging
 + Level 0.1 Stealth


You had 3 spell levels left.
You didn't know any spells.

Dungeon Overview and Level Annotations

Branches:
Dungeon (3/15)

Altars:
Ru
Xom


Message History

The gnoll struggles to escape the net.
The gnoll barely misses you.
You barely miss the gnoll.
The gnoll struggles against the net.
The gnoll barely misses you.
You thump the gnoll!
The gnoll is heavily wounded.
The gnoll struggles against the net.
The gnoll barely misses you.
You barely miss the gnoll.
The gnoll is heavily wounded.
The gnoll struggles against the net.
The gnoll hits you but does no damage.
The gnoll struggles to escape the net.
The gnoll breaks free.
You barely miss the gnoll.
The gnoll is heavily wounded.
The gnoll hits you with a spear!
* * * LOW HITPOINT WARNING * * *
The gnoll hits you with a spear.
* * * LOW HITPOINT WARNING * * *
You hit the gnoll.
The gnoll is heavily wounded.
The gnoll hits you with a spear.
You die...

.....................
≈≈≈≈≈...(≈≈≈≈≈≈≈≈≈≈≈≈
≈≈≈≈≈....≈≈≈≈≈≈≈≈≈≈≈≈
≈≈≈≈≈....≈≈†≈≈≈≈≈≈≈≈≈≈
...........†..........
........g.............
..#....#g###.........#
#)...#g# #.###.....# .
#....#@###)###.###. .
#...##............. .
..##......#........ ##
+......#.....## ..
#......#....... ..
#......#....... .
.....#...###...... .
....#...# ##### .
...#. ..+...+


You could see 3 gnolls.

Vanquished Creatures
  2 gnolls (D:3)
  2 adders (D:2)
  A worm (D:2)
  6 bats
  A giant cockroach (D:2)
  7 goblins
  8 hobgoblins
  6 jackals (D:3)
  2 giant geckos
  5 kobolds
  A quokka (D:2)
  5 rats
  A butterfly (D:2)
47 creatures vanquished.

Notes
Turn   | Place    | Note
--------------------------------------------------------------
     0 | D:1      | happy2pester, the Hill Orc Gladiator, began the quest for the Orb.
     0 | D:1      | Reached XP level 1. HP: 18/18 MP: 1/1
   213 | D:1      | Reached XP level 2. HP: 25/25 MP: 2/2
   801 | D:2      | Reached XP level 3. HP: 28/30 MP: 3/3
   866 | D:2      | Reached skill level 4 in Maces & Flails
  1127 | D:2      | Reached XP level 4. HP: 37/37 MP: 4/4
  1143 | D:2      | Found a shimmering altar of Xom.
  1420 | D:3      | Found a sacrificial altar of Ru.
  1507 | D:3      | Reached skill level 1 in Armour
  1620 | D:3      | Slain by a gnoll

Action                   |  1- 3 |  4- 6 || total
-------------------------+-------+-------++-------
Melee: Flail             |    92 |    59 ||   151
Throw: Throwing net      |     8 |     4 ||    12
  Use: Scroll            |     6 |     7 ||    13
 Stab: Held in net/web   |     1 |       ||     1
  Eat: Beef jerky        |       |     1 ||     1
       Chunk             |       |     1 ||     1
